[Event "FIDE Zonal 4-2 Open 2023"]
[Site "Dimbroko"]
[Date "2023.03.27"]
[Round "2.9"]
[White "Barcon, Harmon"]
[Black "De Gondo, Simplice Armel"]
[Result "1-0"]
[ECO "B84"]
[WhiteElo "1928"]
[BlackElo "2086"]
[Annotator "TA"]
[PlyCount "173"]
[EventDate "2023.03.25"]
[EventType "swiss"]
[SourceTitle "playchess.com"]
[Source "ChessBase"]
[SourceQuality "1"]
[TimeControl "40/5400+30:1800+30"]

1. e4 c5 2. Nf3 d6 3. d4 cxd4 4. Nxd4 Nf6 5. Nc3 a6 6. Be2 e6 7. O-O Be7 8. Be3 O-O 9. Bd3 {[%emt 0:01:28] B84: Sicilian Scheveningen: 6 Be2 a6, lines without early Be3.} b5 10. a3 Bb7 11. f4 {[%emt 0:01:44] The position is equal.} Nbd7 12. Qe2 Nc5 13. Bf2 {[%emt 0:03:20] [#]} d5 $146 ({Predecessor:} 13... Qc7 14. e5 dxe5 15. fxe5 Nd5 16. Nxd5 Bxd5 17. b4 Nd7 18. Bg3 Rad8 19. Nf3 Nb6 {0-1 Jeromin,R (1622)-Everke,E (1642) Muensterland Verbandsklasse 1920 2019 (5.8)}) 14. e5 Nfe4 15. Bxe4 Nxe4 16. Nxe4 dxe4 17. Rad1 Qc7 18. c3 Rfd8 19. Rd2 Bd5 20. Rfd1 Qb7 21. f5 Qc7 22. Bg3 Bg5 23. f6 $1 g6 (23... gxf6 24. exf6 (24. Qg4 Qc5 $16) 24... Qc5 25. Qg4 $16) 24. Rc2 h5 (24... Bc4 $5 25. Qxe4 Bb3 $15 {[%mdl 64] Pin}) 25. Re1 Rac8 26. Qf2 e3 27. Rxe3 {[%emt 0:00:11] Strongly threatening Bf4.} Bxe3 (27... Bxg2 {is interesting.} 28. Rd2 Ba8 29. Bf4 Qb7) 28. Qxe3 Kh7 {[%emt 0:05:06] Dodges Qh6+} 29. Bf4 Rh8 30. Bh6 Kg8 31. Rd2 Rd8 32. Bf4 (32. Bg7 $11 {is superior.} Rh7 33. Bh6) 32... Ba8 (32... h4 $1 $15 {is more appropriate.}) 33. h4 Qb7 {[%emt 0:01:09] Black is weak on the dark squares} (33... Qc8 $11) 34. Nf3 $1 $14 Rxd2 35. Qxd2 Qd5 {[%emt 0:00:10] [#] Inhibits Qd8+.} 36. Qf2 (36. Ng5 $1 $16 {stays on course.}) 36... Qd1+ $19 37. Ne1 Bd5 (37... Kh7 $17 {aiming for ...Rd8.} 38. Bg3 Bb7) 38. Kh2 (38. Bd2 $1 $11) 38... Kh7 39. Bd2 Qg4 40. Kg1 Qc4 $2 (40... Rd8 $17 {Hoping for ...Be4.} 41. Qa7 Rf8) 41. Qa7 $40 {[%emt 0:31:33][%csl LRa6,LRf7][%cal Ra7f7][%mdl 1152] White has compensation. White is up to no good.} Kg8 (41... Qxh4 $2 42. Qxf7#) 42. Qf2 (42. Qe7 $11 {keeps the balance.} Qc8 43. Nf3) 42... Kh7 ({Black should play} 42... Qe4 $17 43. Qe3 Qxe3+ 44. Bxe3 Kf8) 43. Qe3 (43. Qa7 $5 Kg8 44. Qb8+ Kh7 45. Qa7 $11) 43... Kg8 (43... Qxh4 $2 44. Qh6+ Kg8 45. Qg7#) (43... g5 {is more complex.} 44. Qxg5 Qg4 45. Nc2 Qxg5 46. Bxg5 Rc8) 44. Qf2 (44. Qa7 $11 {remains equal.}) 44... Qc7 (44... Qe4 $17 45. Qe3 Qxe3+ 46. Bxe3 Kh7) 45. Qd4 Kf8 46. Nd3 Kg8 47. Nf4 Qb7 48. Nh3 {[%emt 0:00:00] White is much more active.} Kf8 (48... Bxg2 $2 {gets mated.} 49. Qd8+ Kh7 50. Ng5+ Kh6 51. Qxh8#) 49. Ng5 Ke8 $2 {[%emt 0:00:00][%mdl 8192] [#]} (49... Bxg2 $2 50. Qd8#) (49... Qd7 $16) 50. c4 $1 $18 bxc4 51. Ba5 {[%emt 0:00:00] Prevents Qc7} Rg8 $2 (51... Bxg2 $2 52. Qd8#) (51... c3 52. Qxc3 (52. Bxc3 Qc7 $14) 52... Kd7) 52. Qc5 {[%emt 0:00:00] Threatening mate with Qd6.} Qd7 53. Kh2 Rh8 54. Qb4 Bb7 {[%emt 0:00:00] [#]} 55. Ne4 $1 {[%emt 0:00:00][%mdl 576] Back Rank} Bc8 56. Nd6+ Kf8 57. Nxc8+ Kg8 58. Ne7+ Kh7 59. Qxc4 Rb8 60. Bc3 ({Not} 60. Qxa6 Qd4 61. Be1 (61. Bc3 Qf4+ 62. Kg1 Qe3+ 63. Kf1 Qf4+ 64. Ke2 Qg4+ 65. Kf2 Qf4+ 66. Ke2 Qg4+ 67. Kf2 Qf4+ 68. Ke2 $14) 61... Qe3 $16) 60... Qd1 61. Qf4 {[%emt 0:00:00] Intending Bd2 and mate.} Qg4 62. Qxg4 hxg4 63. Kg3 Rb7 64. Kxg4 Rc7 65. Kf3 Rc4 66. g3 Rc7 67. Ke3 {[%emt 0:00:49] Threatens to win with Kd3.} Rc4 68. Kd3 Rg4 69. Be1 Kh6 70. Nc8 {[%emt 0:01:17] Nd6 is the strong threat.} g5 71. hxg5+ Kxg5 72. Nd6 Kg6 73. b4 Rg5 74. Ke4 Rg4+ 75. Ke3 Rg5 76. Kf4 {[%emt 0:01:06] White wants to mate with g4.} Rh5 77. a4 Rh1 78. Bf2 Rb1 79. Bc5 {[%emt 0:00:28] b5 would be deadly.} Rc1 80. Ne4 Rc4 81. Bd6 a5 82. b5 Rc2 83. b6 Rb2 84. Bc7 (84. Bc5 $142 Rb1 85. Nd6 Kh5 86. b7 Rf1+ 87. Ke4 Rb1 88. Nb5 Kg4 89. b8=Q) 84... Rb4 85. Ke3 Kf5 86. Nc5 {[%emt 0:01:11] White threatens b7 and mate.} Kg4 87. b7 {[%emt 0:00:12] Quite a comeback for White.   Weighted Error Value: White=0.23 (precise) /Black=0.34} 1-0

[Event "FIDE Zonal 4-2 Open 2023"]
[Site "Dimbroko"]
[Date "2023.03.27"]
[Round "2.10"]
[White "Egbe, Kossi Thierry"]
[Black "Mambe, Lobognon Anderson Ol"]
[Result "1-0"]
[ECO "C34"]
[WhiteElo "1740"]
[BlackElo "1916"]
[Annotator "TA"]
[PlyCount "73"]
[EventDate "2023.03.25"]
[EventType "swiss"]
[SourceTitle "playchess.com"]
[Source "ChessBase"]
[SourceQuality "1"]
[TimeControl "40/5400+30:1800+30"]

1. e4 g6 2. f4 e5 3. Nf3 exf4 4. d4 g5 5. Bc4 d6 (5... Bg7 $14) 6. h4 $1 $16 {[%emt 0:00:50] [#] White is more active. C34: King's Gambit Accepted: 3 Nf3: 3...Nf6 and 3...d6.} Be7 $146 ({Predecessor:} 6... g4 7. Ng5 Nh6 8. Bxf4 Qe7 9. O-O f6 10. Nc3 c6 11. e5 dxe5 12. Bxe5 fxe5 {0-1 Berg,E (1402)-Kohlei,R (1951) Rheinland-chT Seniors 1617 2016 (7)}) 7. Nxg5 Bxg5 8. Qh5 {[%emt 0:01:22][%csl Gc4][%cal Rh5f7] White is clearly better.} Qe7 (8... d5 $2 9. Bxd5 (9. exd5 Qe7+ 10. Qe2 f3 $17 {[%mdl 64] Pin, Discovered Attack}) 9... Bxh4+ 10. Rxh4) 9. hxg5 {[%emt 0:01:33] 0-0 is the strong threat.} Qxe4+ 10. Kf1 $1 Be6 11. Bxe6 (11. Bd3 $1 $16 Qd5 12. Nc3 (12. Bxf4 Qxd4 13. Bd2 Ne7 $15) 12... Qxd4 13. Ne2 (13. Bxh7 $2 {is the wrong capture.} Kf8 $19)) 11... Qxe6 $11 12. Bxf4 Qf5 13. Qe2+ ({Better is} 13. Qf3 $14) 13... Ne7 $15 14. g3 Nbc6 15. c3 O-O-O $1 16. Nd2 Rde8 (16... Ng6 $17 17. Qf3 Qc2) 17. Nf3 $2 (17. Qe4 $11 {and White stays safe.}) 17... Nd5 18. Qd2 {[%emt 0:00:00] [#]} (18. Nh4 $17 Rxe2 19. Nxf5 Rxb2 20. c4 Nxf4 21. gxf4) 18... Ne3+ $2 19. Kg1 $1 $11 Nc4 {[%emt 0:00:00] Excellent horsemanship.} 20. Qf2 Re7 (20... f6 $5 ) 21. Kg2 ({White should try} 21. b3 $11 Nb6 22. c4) 21... Rg8 22. Rae1 {[%emt 0:06:00] Strongly threatening Rxe7.} Nb6 23. Rxe7 Nxe7 24. Re1 {[%emt 0:00:00] Wards off f6} Ned5 25. Bc1 f6 26. gxf6 Qxf6 27. Nh4 Kd7 (27... Qxh4 $2 28. Re8+ Kd7 29. Rxg8 Qe4+ 30. Kh2 $18) 28. Qxf6 (28. Qe2 {with more complications.} Qg7 29. Qe6+ Kd8 30. Nf5) 28... Nxf6 29. Nf5 Nc8 30. Kf3 d5 31. Bf4 Ne4 {[%emt 0:00:00] [#]} (31... c6 $11 {keeps the balance.}) 32. Rh1 $1 $16 Ke6 33. Ne3 Rg7 {[%emt 0:00:00] [#]} (33... Ncd6 $14) 34. Nxd5 $1 $18 {[%emt 0:00:00][%mdl 576] Decoy} Nxg3 (34... Ng5+ 35. Bxg5 Kxd5) (34... Nd2+ 35. Bxd2) 35. Nxc7+ {[%emt 0:00:00] White is clearly winning.} (35. Bxg3 Kxd5 36. Rh5+ Kc6 $16) 35... Rxc7 36. Rh6+ ({Not} 36. Kxg3 Rf7 37. Kf3 Ne7 $18) 36... Kf5 37. Bxc7 {[%emt 0:00:00] White used his chance.   Weighted Error Value: White=0.25 (precise) /Black=0.39} 1-0

[Event "FIDE Zonal 4-2 Open 2023"]
[Site "Dimbroko"]
[Date "2023.03.27"]
[Round "2.11"]
[White "Amako Marc Arnold"]
[Black "James, Tondo"]
[Result "1-0"]
[ECO "B21"]
[WhiteElo "1647"]
[BlackElo "1867"]
[Annotator "NA RC COMBH"]
[PlyCount "57"]
[EventDate "2023.03.25"]
[EventType "swiss"]
[SourceTitle "playchess.com"]
[Source "ChessBase"]
[SourceQuality "1"]
[TimeControl "40/5400+30:1800+30"]

1. e4 c5 2. d4 cxd4 3. c3 d3 4. Bxd3 g6 5. Nf3 Bg7 6. c4 Nc6 7. Nc3 Nf6 8. O-O d6 9. h3 O-O 10. Be3 b6 11. Rc1 Bb7 12. Qe2 Nd7 13. b3 h6 14. Rfd1 Rc8 15. Bb1 Qc7 16. Nd5 Qb8 17. Nd4 Rce8 18. f4 Nxd4 19. Bxd4 Bxd4+ 20. Rxd4 e6 21. Nc3 d5 22. e5 Qc7 23. Qd2 Rc8 24. Nb5 Qb8 25. Nd6 Rc7 26. f5 exf5 27. Qxh6 Qd8 28. Nxf5 gxf5 29. Bxf5 1-0

[Event "FIDE Zonal 4-2 Open 2023"]
[Site "Dimbroko"]
[Date "2023.03.27"]
[Round "2.13"]
[White "Koita Idrissa"]
[Black "Daniel Kolliemelen"]
[Result "0-1"]
[ECO "C01"]
[WhiteElo "1611"]
[BlackElo "1805"]
[Annotator "NA COMBH"]
[PlyCount "70"]
[EventDate "2023.03.25"]
[EventType "swiss"]
[SourceTitle "playchess.com"]
[Source "ChessBase"]
[SourceQuality "1"]
[TimeControl "40/5400+30:1800+30"]

1. e4 e6 2. Nf3 d5 3. exd5 exd5 4. d4 Bd6 5. Nc3 c6 6. a3 Ne7 7. Bd3 Bf5 8. h3 Nd7 9. g4 Bg6 10. h4 Qc7 11. h5 Bxd3 12. Qxd3 Bf4 13. Be3 O-O-O 14. O-O-O f6 15. Nd2 Rde8 16. Nb3 b5 17. Na2 a5 18. Qc3 a4 19. Nc5 Nxc5 20. Qxc5 Kb7 21. Rhg1 Nc8 22. Rde1 Re4 23. Nb4 Rhe8 24. Kd2 Na7 25. Nxd5 cxd5 26. Qxd5+ Ka6 27. Qf5 Rxd4+ 28. Kc1 Red8 29. Qxh7 R8d7 30. Rd1 Qe5 31. Rge1 Rxd1+ 32. Rxd1 Bxe3+ 33. fxe3 Qxe3+ 34. Kb1 Rxd1+ 35. Ka2 Qc1 0-1

[Event "FIDE Zonal 4-2 Open 2023"]
[Site "Dimbroko"]
[Date "2023.03.27"]
[Round "3.1"]
[White "Ortega Amarelle, Mariano"]
[Black "Manan, Yoboue Hermann"]
[Result "1-0"]
[ECO "E15"]
[WhiteElo "2472"]
[BlackElo "2015"]
[Annotator "TA"]
[PlyCount "160"]
[EventDate "2023.03.25"]
[EventType "swiss"]
[EventCountry "IVO"]
[SourceTitle "playchess.com"]
[Source "ChessBase"]
[SourceQuality "1"]
[TimeControl "40/5400+30:1800+30"]

1. d4 Nf6 2. c4 e6 3. Nf3 b6 4. g3 Ba6 5. Qa4 c5 6. dxc5 Bxc5 7. Bg2 Bb7 8. O-O O-O 9. Nc3 h6 {[%emt 0:02:08] E15: Queen's Indian: 4 g3 sidelines, 4 g3 Ba6 and 4 g3 Bb7 early deviations.} 10. Rd1 {[%emt 0:05:58] [#]} Ng4 $146 ({Predecessor:} 10... Qe7 11. Qc2 d5 12. cxd5 Nxd5 13. Nxd5 Bxd5 14. a3 a5 15. e4 Bb7 16. Bd2 Nc6 17. Bc3 {1-0 Hansen,C (2270)-Khamrakulov,I (2416) EU-ch Online 2300+ Final 2020 (6)}) 11. Rf1 Qc8 {[%emt 0:01:40] The position is equal.} 12. Bf4 Nc6 13. h3 Nf6 14. Rad1 Re8 15. Be5 Be7 (15... Nxe5 $15 16. Nxe5 Bxg2 17. Kxg2 Qb7+ 18. f3 d5) 16. Rc1 (16. Bxf6 $1 $14 gxf6 17. Qc2) 16... Nxe5 $15 17. Nxe5 Bxg2 18. Kxg2 Qc7 19. Nf3 Qb7 {[%emt 0:00:35] Wards off e4} 20. Rfd1 Red8 21. Qb3 Rac8 22. Rc2 Rc5 23. Na4 Rc7 24. Nc3 Rdc8 25. Nb5 Rc5 26. Rdc1 a6 (26... Rh5 {with more complications.} 27. Qd3 Ne4 28. Rd1 Rd8) 27. Nbd4 Ne4 (27... Rh5 {keeps more tension.} 28. Qd3 Ne4 29. Nb3 d6) 28. Qd3 Bg5 29. Rd1 (29. Nxg5 $11 Rxg5 30. Kg1) 29... d5 30. cxd5 Qxd5 31. Rxc5 Nxc5 32. Qb1 Rd8 {[%emt 0:00:12] And now ...e5 would win.} 33. b4 Na4 (33... e5 $1 $17 {Threatens to win with ...Ne6.} 34. bxc5 bxc5 {[%mdl 64] Pin}) 34. Rd3 (34. Qc2 {looks sharper.} b5 35. h4 Bf6 36. Rd2) 34... Qb7 35. Nb3 (35. Nxe6 $1 $14 {keeps the upper hand.} fxe6 36. Rxd8+ Bxd8 37. Qd1) 35... Rc8 $1 $17 36. a3 Bf6 37. Rd6 (37. Nbd2 $17 {was necessary.}) 37... Nc3 $19 38. Qe1 e5 (38... Nb5 $19 39. Rd3 Nxa3) 39. Kh2 (39. e3 $17) 39... Nb5 40. Rd2 Nxa3 41. Qd1 Nb5 42. Qb1 g6 43. Ne1 Nc3 44. Qd3 e4 {[%emt 0:02:54] Wards off Qf3} 45. Qd7 Rc7 (45... Qxd7 $2 46. Rxd7 Nxe2 47. Nd2 $19) 46. Qg4 (46. Qe8+ Kg7 47. Nd4) 46... Kg7 47. e3 Nb5 48. Ng2 h5 49. Qd1 Be5 50. Nd4 Nd6 ({Black should play} 50... Nc3 $19 51. Qa1 Qc8) 51. Ne2 (51. Nf4 $17) 51... Nc4 52. Rd8 Bf6 53. Rd5 Nb2 54. Qb3 b5 {[%emt 0:00:00] Hoping for ...Nd3.} 55. Ngf4 {[%emt 0:00:14] [#]} Nc4 (55... Rc4 $1 $19 {[%cal Ob2d3] aiming for ...Nd3!} 56. Rd2 Nd3 57. Nxd3 exd3) 56. Qd1 Ne5 57. Kg2 $2 (57. Nd4 $17 {was worth a try.}) 57... Rc4 $2 (57... Nd3 $19 {[%cal Oc7c2] and Black stays clearly on top. Strongly threatening ...Rc2!} 58. Rd6 Be5) 58. Rd6 (58. Nd4 $17 {was called for.}) 58... Be7 (58... Rxb4 59. Rxf6 (59. Nd5 Be7 $18) 59... Nd3 60. Qa1 $18) 59. Rd5 Nc6 (59... Nd3 $1 $19 {...Qc6 would be deadly.} 60. Kg1 Bf6) 60. Rd7 $36 {[%emt 0:00:00][%mdl 2048] White is really pushing.} Qc8 61. Qd5 {[%emt 0:00:16] White is more active.} Qe8 $2 {[%emt 0:01:50][%mdl 8192] Black is now going downhill.} (61... Bxb4 $2 62. Qxf7+ Kh8 63. Nxg6#) (61... Rxb4 $11 62. Rxe7 {[%mdl 64] Decoy} Nxe7 63. Qe5+ Kf8) 62. Nd4 $18 {[%emt 0:00:58][%mdl 64] Deflection} Nxd4 (62... Nxb4 $2 63. Qe5+ (63. Qxe4 $2 {is the wrong capture.} Qxd7 64. Nde6+ Kg8 $19) 63... Kg8 64. Rxe7 $18) 63. Qe5+ Kh7 64. Rxe7 ({Inferior is} 64. Qxe7 Qxe7 65. Rxe7 Nf3 $11) 64... Nc6 65. Rxe8 Nxe5 66. Rxe5 Rxb4 {[%emt 0:00:10][%mdl 4096] Endgame KRN-KR} 67. Nd5 Rc4 68. Rxe4 {[%emt 0:00:45][%mdl 64] Decoy} Rxe4 $2 {[%emt 0:00:16] KR-KN} (68... Rc5 69. Nf4 a5) 69. Nf6+ Kg7 70. Nxe4 {[%emt 0:00:05] KN-KP} a5 $2 (70... f5 71. Nd2 a5) 71. Kf3 a4 72. Nc3 a3 {[%emt 0:00:14] [#]} 73. Na2 $1 (73. Nxb5 $2 {loses.} a2 74. Ke2 a1=Q $19) 73... Kf6 74. Ke4 g5 75. g4 hxg4 76. hxg4 {[%emt 0:00:06] White mates.} Ke6 77. f4 gxf4 78. exf4 f6 79. Nb4 Kd6 80. Kd4 Ke6 {[%emt 0:01:33] Weighted Error Value: White=0.38/Black=0.35} 1-0

[Event "FIDE Zonal 4-2 Open 2023"]
[Site "Dimbroko"]
[Date "2023.03.27"]
[Round "3.2"]
[White "Cogan, Nicolas"]
[Black "Abdulraheem Abdulrahman Akinto"]
[Result "1/2-1/2"]
[ECO "D45"]
[WhiteElo "2013"]
[BlackElo "2302"]
[Annotator "TA"]
[PlyCount "41"]
[EventDate "2023.03.25"]
[EventType "swiss"]
[EventCountry "IVO"]
[SourceTitle "playchess.com"]
[Source "ChessBase"]
[SourceQuality "1"]
[TimeControl "40/5400+30:1800+30"]

1. d4 d5 2. c4 c6 3. Nf3 Nf6 4. e3 e6 5. Nc3 Nbd7 6. Qc2 Bd6 7. b3 O-O 8. Be2 Qe7 9. O-O dxc4 10. bxc4 e5 11. Bd3 {[%emt 0:07:44] D45: Semi-Slav: 5 e3.} Re8 12. Ng5 h6 13. Nge4 Nxe4 14. Nxe4 {[%emt 0:02:34] [#]} Nf6 $146 ({Predecessor:} 14... Bc7 15. Ng3 Nf6 16. Bf5 exd4 17. exd4 Bxg3 18. hxg3 Bxf5 19. Qxf5 Qe4 20. Qxe4 Rxe4 {1-0 Le Goff,D (2291)-Bilan,D (2303) Titled Tuesday intern op 22nd Nov Early blitz 2022 (4)}) 15. f3 (15. Nxd6 $14 Qxd6 16. dxe5 Qxe5 17. Bb2) 15... Nxe4 $15 16. Bxe4 (16. fxe4 {is more complex.} exd4 17. exd4 Qh4 18. g3) 16... exd4 17. exd4 ({But not} 17. Bh7+ $2 Kh8 18. exd4 Qf6 $19) 17... Bxh2+ {[%emt 0:07:27][%mdl 64] [#] Decoy} 18. Kxh2 Qh4+ $1 19. Kg1 {[%emt 0:00:02] Hoping for Qf2.} f5 $1 20. Bd3 {[%emt 0:22:05] And now Qf2 would win.} Qxd4+ 21. Kh1 {[%emt 0:05:39] Weighted Error Value: White=0.22 (precise) /Black=0.04 (flawless)} (21. Kh2 $5 Qh4+ $8 22. Kg1 Qd4+ 23. Kh2 Qh4+ 24. Kg1 Qd4+ $11) 1/2-1/2

[Event "FIDE Zonal 4-2 Open 2023"]
[Site "Dimbroko"]
[Date "2023.03.27"]
[Round "3.3"]
[White "Bobby Ballah"]
[Black "Thomas, Saah"]
[Result "0-1"]
[ECO "B23"]
[WhiteElo "1914"]
[BlackElo "1916"]
[Annotator "TA"]
[PlyCount "76"]
[EventDate "2023.03.25"]
[EventType "swiss"]
[EventCountry "IVO"]
[SourceTitle "playchess.com"]
[Source "ChessBase"]
[SourceQuality "1"]
[TimeControl "40/5400+30:1800+30"]

1. e4 c5 2. Nc3 Nc6 3. Bb5 Nd4 4. Bc4 g6 5. f4 Bg7 6. Nf3 e6 7. O-O Ne7 {[%emt 0:00:18] B23: Closed Sicilian: Lines without g3.} 8. d3 O-O 9. Nxd4 Bxd4+ {[%emt 0:00:27] Black is slightly better.} 10. Kh1 a6 11. e5 (11. Bb3 $11) 11... b5 (11... d5 $15 12. Bb3 Bxc3 13. bxc3 b6) 12. Bb3 {[%emt 0:00:01] Threatens to win with Ne4.} ({Don't play} 12. Qf3 Qc7 13. Bb3 (13. Qxa8 $2 Bb7 $19) 13... Bb7 $15) (12. Ne4 $5) 12... Bb7 (12... Bxc3 $15 13. bxc3 Bb7) 13. Ne4 $14 Nf5 {[%emt 0:03:06] [#]} 14. c3 $146 (14. Nf6+ {is interesting.} Kg7 15. Qe1 c4 16. dxc4 d6 17. c3) ({Predecessor:} 14. Nf6+ Kg7 15. Qe1 d6 16. c3 dxe5 17. fxe5 c4 18. dxc4 Bb6 19. Rxf5 exf5 20. Bh6+ {1-0 Ringoir,T (2185)-Klekowski,M (2096) Rewal op 11th 2006 (5)}) 14... Be3 15. Rf3 (15. Qe2 $14 Bxc1 16. Raxc1 (16. Rfxc1 Qh4 $11)) 15... Bxc1 $11 16. Nf6+ $2 {[%emt 0:01:15] [#] White is on the road to losing.} ({White should try} 16. Rxc1 $11 d6 17. Nf6+ Kg7 18. Rh3) 16... Qxf6 $3 $17 17. exf6 Bxb2 18. Rb1 Bxc3 ({Stronger than} 18... Bxf3 19. Qe1 $17) 19. Rh3 {[%emt 0:03:18] White is weak on the dark squares} Bxf6 {[%emt 0:00:24] A strong pair of Bishops.} 20. Qg4 d5 21. Bd1 Rab8 22. Qe2 d4 23. Qe1 Rfe8 24. Bf3 Bxf3 25. Rxf3 h5 26. Qa5 Ra8 27. Rf2 (27. a4 $142 Reb8 28. h3) 27... c4 $19 28. dxc4 $2 (28. a4) 28... bxc4 29. Qa4 c3 30. Rf3 Reb8 31. Rc1 Rb2 {[%emt 0:00:16] Strongly threatening ...Rab8.} 32. Kg1 Rab8 33. Qxa6 Rd2 34. Rd3 Ne3 35. Rxe3 dxe3 36. Kf1 Rbb2 {[%emt 0:01:17] Black mates.} 37. Ke1 Rxg2 38. Kf1 Rbf2+ {[%emt 0:00:11] A superb game by Thomas.   Weighted Error Value: White=0.90/Black=0.11 (very precise)} 0-1

[Event "FIDE Zonal 4-2 Open 2023"]
[Site "Dimbroko"]
[Date "2023.03.27"]
[Round "3.4"]
[White "Ble, Kouko Hubert"]
[Black "Barcon, Harmon"]
[Result "0-1"]
[ECO "E06"]
[WhiteElo "1825"]
[BlackElo "1928"]
[Annotator "TA"]
[PlyCount "101"]
[EventDate "2023.03.25"]
[EventType "swiss"]
[EventCountry "IVO"]
[SourceTitle "playchess.com"]
[Source "ChessBase"]
[SourceQuality "1"]
[TimeControl "40/5400+30:1800+30"]

1. Nf3 d5 2. d4 Nf6 3. c4 c6 4. g3 e6 5. Bg2 Be7 6. O-O O-O 7. Nc3 Re8 {[%emt 0:00:26] 7...a5 gains popularity. E06: Closed Catalan: Early deviations.} 8. e3 Nbd7 9. Qc2 Bd6 {[%emt 0:03:18] The position is equal.} 10. e4 dxe4 11. Nxe4 Nxe4 12. Qxe4 Nf6 (12... e5 $1 $11) 13. Qe2 h6 (13... e5 $11) 14. b3 (14. Ne5 $16) 14... a5 {[%emt 0:02:25] [#]} (14... e5 $11 {was preferrable.}) 15. a4 $146 (15. Ne5 $14) ({Predecessor:} 15. Ne5 a4 16. Bd2 c5 17. Bc3 axb3 18. axb3 Rxa1 19. Rxa1 Qb6 20. dxc5 Bxc5 21. b4 Be7 22. Ng4 Nxg4 23. Qxg4 {1-0 Palacios Perez,J (1920)-Bayarri Ros,F (1750) Valencia Autonomico Norte-B 2009 (5.8)}) 15... Rb8 (15... e5 $11 {remains equal.}) 16. Bd2 Bc7 17. Rfd1 Ra8 18. Bc3 Qe7 19. Re1 Bd7 20. Qb2 Bd8 21. b4 Bc8 22. b5 Qc7 23. Rac1 Bd7 24. c5 cxb5 25. axb5 Nd5 26. b6 Qc8 27. Ne5 Bc6 28. Bd2 Bf6 29. Nc4 a4 30. Nd6 Qd7 31. Ra1 (31. Nxe8 $16 Qxe8 32. Ra1) 31... Red8 $15 32. Bf1 (32. Ra3 $15) 32... Be7 (32... a3 $1 $17 33. Rxa3 Bxd4) 33. Nb5 $2 {[%emt 0:00:00][%mdl 8192] [#]} (33. Nc4 $11 {and White stays safe.}) 33... Bf6 $2 (33... Nxb6 $1 $19 {[%cal Od7d5] ...Qd5! is the strong threat.} 34. Re5 (34. cxb6 $2 {perishes.} Qd5 $19) 34... Bf6) 34. Ra3 $2 {[%emt 0:00:00] [#]} (34. Nd6 $1 $11 {and White has nothing to worry.}) 34... Ne7 $1 $19 {[%emt 0:07:33] White must now prevent ...Qd5.} 35. Bc4 {[%emt 0:00:00] Against Qd5} (35. Nd6 Nf5 36. Nxf5) 35... Bxd4 36. Bc3 Bxc3 (36... Bxc5 $19 {is more deadly.} 37. Nc7 Bxa3 38. Qxa3 Nd5 39. Bxd5 Bxd5 40. Nxa8 Rxa8) 37. Rxc3 $17 Nd5 $40 {[%emt 0:00:25][%cal Be7d5,Bd5f6,Bf6e4][%mdl 160] Prevents Nc7. White is in trouble.} 38. Rd3 Ra5 39. Rb1 Qe7 40. Qa3 Nf6 41. Rxd8+ Qxd8 42. Qb4 $1 Ra8 43. Nc7 $2 {[%emt 0:04:27] This costs White the game.} (43. Na7 $1 $15 Be4 44. Re1) 43... Rc8 44. Qe1 $2 (44. Bb5 {was worth a try.} Bxb5 45. Nxb5) 44... Ne4 {[%emt 0:00:00] ...Ng5 would be deadly.} 45. Rd1 Qf6 ({Don't go for} 45... Qe7 $2 46. Bb5 Bxb5 47. Nxb5 $19) 46. Qe3 (46. Bb5 Bxb5 47. Nxb5 Nxc5 48. Qe3) 46... Nxc5 {[%emt 0:00:00][%mdl 64] Deflection} 47. Be2 (47. Qxc5 $2 {too greedy.} Qf3 $19) 47... Nd7 {[%emt 0:00:00] aiming for ...Qb2.} 48. Rc1 $2 (48. Bb5 Ne5 49. Bxc6 Nxc6 50. Qf4) 48... Qb2 $19 {[%emt 0:28:45] Black is clearly winning.} 49. Rxc6 bxc6 50. Ba6 Qxb6 51. Qxb6 {[%emt 0:00:00] Weighted Error Value: White=0.84/Black=0.56} 0-1

[Event "FIDE Zonal 4-2 Open 2023"]
[Site "Dimbroko"]
[Date "2023.03.27"]
[Round "3.5"]
[White "Foday W. Kondoh"]
[Black "Harold Evans"]
[Result "1-0"]
[ECO "D07"]
[WhiteElo "1727"]
[BlackElo "1714"]
[Annotator "NA COMBH"]
[PlyCount "103"]
[EventDate "2023.03.25"]
[EventType "swiss"]
[EventCountry "IVO"]
[SourceTitle "playchess.com"]
[Source "ChessBase"]
[SourceQuality "1"]
[TimeControl "40/5400+30:1800+30"]

1. d4 d5 2. Nf3 Nc6 3. c4 Bg4 4. cxd5 Qxd5 5. Nc3 Qh5 6. Qa4 O-O-O 7. d5 Bxf3 8. exf3 Rxd5 9. Nxd5 Qxd5 10. Bc4 Qe5+ 11. Be3 e6 12. O-O Bd6 13. f4 Qa5 14. Bb5 Qxa4 15. Bxa4 Nge7 16. a3 a6 17. b4 b5 18. Bc2 Nd5 19. Be4 Nce7 20. g3 Kd7 21. Bd4 f6 22. Rfe1 Nc6 23. Bc5 Bxc5 24. Bxd5 Bxf2+ 25. Kxf2 exd5 26. Re2 a5 27. Rc2 Rc8 28. Rc5 Kd6 29. Rxb5 axb4 30. axb4 Nd4 31. Ra6+ c6 32. Rb7 Rc7 33. Rxc7 Kxc7 34. Ra7+ Kb6 35. Rxg7 Nc2 36. Rxh7 Nxb4 37. Rf7 d4 38. h4 c5 39. Rxf6+ Kb5 40. h5 c4 41. Rf5+ Ka4 42. Rf8 c3 43. Rc8 Kb3 44. h6 d3 45. h7 d2 46. Rxc3+ Kxc3 47. h8=Q+ Kc2 48. Qc8+ Kd1 49. Qc4 Nc2 50. Qf1+ Ne1 51. Qe2+ Kc1 52. Qxe1+ 1-0

[Event "FIDE Zonal 4-2 Open 2023"]
[Site "Dimbroko"]
[Date "2023.03.27"]
[Round "3.6"]
[White "Egbe, Kossi Thierry"]
[Black "Joel O. Ebiekuta"]
[Result "1-0"]
[ECO "C01"]
[WhiteElo "1740"]
[BlackElo "1855"]
[Annotator "NA RC COMBH"]
[PlyCount "65"]
[EventDate "2023.03.25"]
[EventType "swiss"]
[EventCountry "IVO"]
[SourceTitle "playchess.com"]
[Source "ChessBase"]
[SourceQuality "1"]
[TimeControl "40/5400+30:1800+30"]

1. e4 e6 2. d4 d5 3. exd5 exd5 4. Bd3 Bd6 5. h3 Ne7 6. Nf3 O-O 7. O-O c6 8. Re1 Ng6 9. Bg5 Qc7 10. Nbd2 h6 11. Be3 Nd7 12. Nf1 Nf6 13. Bxg6 fxg6 14. Ne5 g5 15. Qd3 Nh5 16. Qg6 Nf4 17. Bxf4 Rxf4 18. Ng3 Rf6 19. Qd3 Bd7 20. Nh5 Re6 21. Nxd7 Qxd7 22. Ng3 Rf8 23. Rxe6 Qxe6 24. Qe2 Qf7 25. Re1 Kh8 26. Nf1 Qf5 27. f3 h5 28. c3 h4 29. Qe6 Qxe6 30. Rxe6 Rf6 31. Re8+ Kh7 32. Ne3 Kg6 33. Ng4 1-0